 Dungeon Crawl Stone Soup version 0.29-a0-352-g0917bc69df (webtiles) character file.

Game seed: 10690201089108515607

30 sokol815 the Vandal (level 3, 0/23 HPs)
             Began as an Octopode Wanderer on Apr 24, 2022.
             Slain by a hobgoblin (6 damage)
             ... led by Robin
             ... on level 1 of the Dungeon.
             The game lasted 00:01:48 (922 turns).

sokol815 the Vandal (Octopode Wanderer)              Turns: 922, Time: 00:01:49

Health: 0/23       AC:  1    Str: 14    XL:     3   Next: 20%
Magic:  3/3        EV: 12    Int: 13    God:
Gold:   54         SH:  0    Dex: 11    Spells: 2/2 levels left

rFire   . . .      SeeInvis .   a - +2 hunting sling
rCold   + . .      Faith    .   (no shield)
rNeg    . . .      Spirit   .   (helmet restricted)
rPois   .          Reflect  .   (no amulet)
rElec   .          Harm     .   C - ring of protection from cold {rC+, !d}
rCorr   .          Rampage  .   (no ring)
Will    .....                   (no ring)
Stlth   ++........              (no ring)
HPRegen 0.07/turn               (no ring)
MPRegen 0.08/turn               (no ring)
                                (no ring)
                                (no ring)

@: no status effects
A: almost no armour, amphibious, 8 rings, camouflage 1, gelatinous body 1,
(nimble swimmer 1), tentacles
a: no special abilities


You were on level 1 of the Dungeon.
You visited 1 branch of the dungeon, and saw 2 of its levels.

You collected 54 gold pieces.

Inventory:

Hand Weapons
 a - a +2 hunting sling (weapon)
 b - a +0 spear
 d - a +0 dagger
   (You took it off a goblin on level 1 of the Dungeon)
Missiles
 s - 32 stones
Armour
 j - a +0 kite shield
   (You found it on level 1 of the Dungeon)
Jewellery
 C - a ring of protection from cold (left tentacle) {rC+, !d}
   (You found it on level 1 of the Dungeon)
Wands
 q - a wand of flame (5)
Scrolls
 c - a scroll of fear {unknown}
 e - 2 scrolls of teleportation {unknown}
 i - 2 scrolls of enchant weapon {unknown}
 V - a scroll of vulnerability {!r!r}
Potions
 f - a potion of brilliance {unknown}
 g - a potion of mutation {unknown}
 h - a potion of haste {unknown}
 k - a potion of curing {unknown}


   Skills:
 - Level 1.0 Fighting
 - Level 1.1 Polearms
 * Level 5.7 Slings
 - Level 1.0 Dodging
 + Level 0.7 Shields
 - Level 2.1 Evocations


You had 2 spell levels left.
You didn't know any spells.
Your spell library contained the following spells:

 Spells                   Type           Power      Damage    Failure   Level
 Freeze                   Ice            0%         1d3       30%         1
 Frozen Ramparts          Ice            0%         1d2       67%         3
 Hailstorm                Conj/Ice       0%         3d3       97%         4


Dungeon Overview and Level Annotations

Branches:
Dungeon (2/15)

Altars:

Annotations:
D:2 Robin


Innate Abilities, Weirdness & Mutations

You cannot wear most types of armour.
You are amphibious.
You can wear up to eight rings at the same time.
Your skin changes colour to match your surroundings (Stealth+).
Your rubbery body absorbs attacks. (AC +1, EV +1)
((You are camouflaged when in or above water. (Stealth+)))
You have tentacles for arms and can constrict up to eight enemies at once.


Message History

Increase (s)trength, (i)ntelligence, or (d)exterity?
You feel agile. x2
You regained 5 hp, and now have 21/23 hp.
MP restored: 3 A giant cockroach comes into view.
You shoot a sling bullet.
The sling bullet hits the giant cockroach.
You kill the giant cockroach!
No target in view!
No target in view!
No target in view!
Found a stone staircase leading up.
Health restored: 23 You now have 54 gold pieces (gained 13).
A giant cockroach comes into view.
You shoot a sling bullet.
The sling bullet hits the giant cockroach.
You shoot a sling bullet.
The sling bullet hits the giant cockroach.
You kill the giant cockroach!
No target in view!
No target in view!
No target in view!
i - 2 scrolls labelled BEGEFE JAQAI (gained 1)
A hobgoblin comes into view.
You shoot a sling bullet. The sling bullet hits the hobgoblin.
The hobgoblin shouts!
You shoot a sling bullet.
The sling bullet closely misses the hobgoblin.
You shoot a sling bullet. The sling bullet hits the hobgoblin.
You kill the hobgoblin!
No target in view!
No target in view!
A hobgoblin comes into view.
You shoot a sling bullet. The hobgoblin shouts!
The sling bullet hits the hobgoblin.
You kill the hobgoblin!
You hear a shout! x2
A goblin comes into view. It is wielding a +0 dagger.
You shoot a sling bullet.
The sling bullet closely misses the goblin.
You shoot a sling bullet.
The sling bullet closely misses the goblin.
You shoot a sling bullet. The sling bullet hits the goblin.
You kill the goblin!
No target in view!
No target in view!
No target in view! 2 hobgoblins come into view.
The hobgoblin shouts! x2
A goblin comes into view. It is wielding a +0 dagger.
You hear a shout! x3
You shoot a sling bullet. The sling bullet hits the hobgoblin.
Robin of the Strong Arm comes into view.
They are wielding a +0 falchion.
You shoot a sling bullet. The sling bullet barely misses Robin.
Robin shouts!
A goblin comes into view. It is wielding a +0 dagger.
Robin roars a battlecry!
The goblin goes into a battle-frenzy!
A goblin comes into view. It is wielding a +0 dagger.
Robin throws the goblin at you! The goblin closely misses you.
You shoot a sling bullet.
The sling bullet closely misses the goblin.
A goblin comes into view. It is wielding a +0 dagger.
The goblin closely misses you.
You shoot a sling bullet.
The sling bullet closely misses the goblin.
The goblin shouts!
Robin throws the goblin at you!
A kobold comes into view. It is wielding a +0 dagger.
The goblin barely misses you. The goblin hits you with a club.
A goblin comes into view. It is wielding a +0 dagger.
You shoot a sling bullet.
The sling bullet closely misses the goblin.
The goblin shouts!
The goblin hits you with a +0 club. x2
An adder comes into view.
You take 6 damage, and have 17/23 hp.
MASSIVE DAMAGE!!
The goblin attacks as you move away! The goblin misses you.
The hobgoblin attacks as you move away! The hobgoblin misses you.
The goblin barely misses you. The goblin attacks as you move away!
The goblin hits you with a +0 club.
You take 5 damage, and have 12/23 hp.
MASSIVE DAMAGE!!
The goblin attacks as you move away! The goblin closely misses you.
The hobgoblin attacks as you move away! The hobgoblin barely misses you.
There is a stone staircase leading up here.
The hobgoblin hits you.
* * * LOW HITPOINT WARNING * * *
You climb upwards.
There is a stone staircase leading down here.
You take 6 damage, and have 6/23 hp.
MASSIVE DAMAGE!!
Fire: a) +2 hunting sling
Aim: a goblin, wielding a +0 club (strong, 50% to hit)
You shoot a sling bullet. The sling bullet hits the goblin.
The hobgoblin hits you.
You die...

######.#........##.#
#...>..#.#####.###.#
#.####.#.# #......# #.#
#.#.# #.###### #.#
#.#.####....# #.#
#...........# #.#
#.#.####....# #.# #.#g#
#.#.## #.# #.#@# #.#.#
#.# #.#g# #.#.#
#.####.#.####.#.#
#...#..#.>..#.#.###### ##
###.#.##....#.#.##...###.
#.#.##.####.#.#........
#.#.##.# #.#.......##.
#.#.##.## #.###.....##.
#.......# #.####...###.


You could see a hobgoblin (strong) and a goblin (strong).

Vanquished Creatures
  A dart slug (D:1)
  A ball python (D:1)
  3 bats
  3 endoplasms (D:1)
  2 giant cockroaches (D:2)
  4 hobgoblins
  3 kobolds (D:1)
  A quokka (D:1)
  2 frilled lizards (D:1)
  3 goblins
  A rat (D:1)
24 creatures vanquished.

Notes
Turn   | Place    | Note
-------+----------+-------------------------------------------
     0 | D:1      | sokol815 the Octopode Wanderer began the quest for the Orb.
     0 | D:1      | sokol815 set off with the following items: a +2 hunting
                  | sling, a +0 spear, a wand of flame (5), a scroll of
                  | vulnerability {!r!r}
     0 | D:1      | Reached XP level 1. HP: 13/13 MP: 1/1
     6 | D:1      | Noticed a swamp drake
     6 | D:1      | Noticed a polar bear
     7 | D:1      | Noticed a redback
   104 | D:1      | Reached XP level 2. HP: 18/18 MP: 2/2
   847 | D:2      | Reached XP level 3. HP: 21/23 MP: 3/3
   909 | D:2      | Noticed Robin
   922 | D:1      | Slain by a hobgoblin

Illustrated notes

Levels and vault maps discovered:
D:1:      onia_arrival_zoo_common, layout_loops_ring,
          minmay_misc_feat_secret_circle
D:2:      layout_rooms, columned_hall_lemuel, uniq_robin

Action                   || total
-------------------------++-------
 Fire: Hunting sling     ||    69
Armor: Skin              ||     4
Dodge: Dodged            ||    25

Table legend: (Time is in decaauts)
 A = Elapsed time spent in this place.
 B = Non-inter-level travel time spent in this place.
 C = Inter-level travel time spent in this place.
 D = Time resting spent in this place.
 E = Time spent auto-exploring this place.
 F = Levels seen in this place.
 G = Mean time per level.
                   A        B        C        D        E       F      G
               +--------+--------+--------+--------+--------+-----+--------+
         Total |    937 |    885 |     52 |      0 |    724 |   2 |  468.5 |
       Dungeon |    937 |    885 |     52 |      0 |    724 |   2 |  468.5 |
               +--------+--------+--------+--------+--------+-----+--------+

Top non-repeatable levels by time:
     D:1: 846 daAuts
     D:2: 91 daAuts

Table legend:
 A = Kills in this place as a percentage of kills in entire the game.
 B = Kills by you in this place as a percentage of kills by you in the entire game.
 C = Kills by friends in this place as a percentage of kills by friends in the entire game.
 D = Other kills in this place as a percentage of other kills in the entire game.
 E = Experience gained in this place as a percentage of experience gained in the entire game.
 F = Experience gained in this place divided by the number of levels of this place that you have seen.
                   A       B       C       D       E      F
               +-------+-------+-------+-------+-------+----------------------
         Total | 100.0 | 100.0 |   N/A |   N/A | 100.0 |  22.0
       Dungeon | 100.0 | 100.0 |   N/A |   N/A | 100.0 |  22.0
               +-------+-------+-------+-------+-------+----------------------
